 Dungeon Crawl Stone Soup version 0.32-a0-42-ga30500b4d3 (webtiles) character file.

Game seed: 15520449308717125021

289 Newt the Skirmisher (level 6, -2/39 HPs)
             Began as a Kobold Hunter on Jan 31, 2024.
             Succumbed to an orc's poison
             ... on level 4 of the Dungeon.
             The game lasted 00:02:23 (3009 turns).

Newt the Skirmisher (Kobold Hunter)                 Turns: 3009, Time: 00:02:23

Health: -2/39      AC:  3    Str:  9    XL:     6   Next: 58%
Magic:  6/6        EV: 14    Int: 10    God:
Gold:   142        SH:  0    Dex: 20    Spells: 5/5 levels left

rFire   . . .        a - +0 shortbow
rCold   . . .        (shield currently unavailable)
rNeg    . . .        c - +0 leather armour
rPois   .            (no helmet)
rElec   .            (no cloak)
rCorr   .            (no gloves)
SInv    .            (no boots)
Will    +....        (no amulet)
Stlth   +++          (no ring)
HPRegen 0.26/turn    (no ring)
MPRegen 0.10/turn

%: no passive effects
@: lethally poisoned (-2 -> -19), enlightened, flying
A: small, no large weapons, nightstalker 3
a: no special abilities


You were on level 4 of the Dungeon.
You visited 1 branch of the dungeon, and saw 4 of its levels.

You collected 142 gold pieces.

Inventory:

Hand Weapons
 a - a +0 shortbow (weapon)
Armour
 c - a +0 leather armour (worn)
Jewellery
 d - a ring of magical power
Wands
 i - a wand of mindburst (4)
Scrolls
 b - a scroll of butterflies
 j - a scroll of identify
 k - a scroll of revelation {unknown}
 l - a scroll of brand weapon {unknown}
Potions
 f - 2 potions of might
 h - 3 potions of berserk rage {unknown}


   Skills:
 + Level 4.4 Fighting
 * Level 8.5 Ranged Weapons
 - Level 2.4 Dodging
 - Level 1.3 Stealth


You had 5 spell levels left.
You didn't know any spells.
Your spell library contained the following spells:

 Spells                   Type           Power      Damage    Failure   Level
 Call Canine Familiar     Summ           0%         N/A       85%         3
 Sigil of Binding         Hex            0%         N/A       85%         3
 Dimensional Bullseye     Hex/Tloc       0%         N/A       99%         4


Dungeon Overview and Level Annotations

Branches:
Dungeon (4/15)
 Temple: D:4-7

Altars:


Innate Abilities, Weirdness & Mutations

You are small and have problems with some larger weapons.
You are completely attuned to the shadows.


Message History

You feel very sick. The orc closely misses you.
The orc wizard closely misses you.
You shoot an arrow. The arrow hits the orc wizard.
The orc wizard is lightly wounded.
You feel sick. The orc closely misses you.
The orc wizard gestures at you while chanting.
You are confused.
Unknown command.
You feel sick. The orc hits you but does no damage.
You are more poisoned.
The orc wizard barely misses you.
Unknown command.
Unknown command.
You feel very sick. The orc misses you. The orc wizard casts a spell at you.
The puff of flame misses you.
You see here a scroll labelled ELUEMO HEDANKU.
Unknown command.
Unknown command.
You feel very buoyant.
You fly up into the air.
You feel sick. The orc completely misses you.
The orc wizard hits you but does no damage.
You completely miss the orc.
You feel very sick.
The orc hits you with a +0 whip of venom.
The orc wizard hits you with a +0 dagger.
Unknown command.
You clumsily bash the orc but do no damage.
You feel less confused.
You feel sick. The orc barely misses you.
The orc wizard hits you with a +0 dagger.
* * * LOW HITPOINT WARNING * * *
The orc wizard hits you with a +0 dagger.
* * * LOW HITPOINT WARNING * * *
The orc hits you with a +0 whip of venom.
* * * LOW HITPOINT WARNING * * *
You are more poisoned.
You shoot an arrow. The arrow closely misses the orc.
You die...

..## ##.....#
#....... ##...>>....
######..........
#.....[.......#
####...##.....#..
###......#....@....
#.......#..#..#oo...#
#..#...###...##.#####
..###...##... ...
..###....##.......
....###.## ....##...#
#.#..#...#
###....#..#


You could see an orc wizard and an orc.

Vanquished Creatures
  Blork the orc (D:4)
  An orc priest (D:4)
  An orc wizard (D:4)
  7 adders
  A shadow imp (D:3)
  4 dart slugs
  2 ribbon worms
  7 orcs
  9 ball pythons
  4 bats
  4 endoplasms (D:2)
  2 giant cockroaches
  4 goblins
  12 hobgoblins
  3 quokkas
  3 frilled lizards
  10 kobolds
  13 rats
88 creatures vanquished.

Notes
Turn   | Place    | Note
-------+----------+-------------------------------------------
     0 | D:1      | Newt the Kobold Hunter began the quest for the Orb.
     0 | D:1      | Reached XP level 1. HP: 12/12 MP: 1/1
   139 | D:1      | Reached XP level 2. HP: 18/18 MP: 2/2
   348 | D:1      | Reached skill level 6 in Ranged Weapons
   380 | D:1      | Reached XP level 3. HP: 22/22 MP: 3/3
   476 | D:1      | Found a faded altar of an unknown god.
   975 | D:2      | Reached XP level 4. HP: 28/28 MP: 4/4
  1713 | D:3      | Reached skill level 7 in Ranged Weapons
  1794 | D:3      | Reached XP level 5. HP: 29/32 MP: 5/5
  2516 | D:4      | Noticed Blork the orc
  2526 | D:4      | Killed Blork the orc
  2527 | D:4      | Reached skill level 8 in Ranged Weapons
  2527 | D:4      | Reached XP level 6. HP: 18/38 MP: 6/6
  3009 | D:4      | Succumbed to an orc's poison

Illustrated notes

Levels and vault maps discovered:
D:1:      minmay_arrival_solitary_statue, layout_loops_ring,
          dreamdust_ecumenical_altar_statues, lexackson_kobold_supper
D:2:      layout_loops_ring, hex_tiny
D:3:      layout_loops_ring, grunt_ministairs_1, st_stairs_10,
          reono_crystal_passage, dk_noncrumbling_2
D:4:      layout_cave_pools, mainiacjoe_overflow_two_lobes,
          mainiacjoe_overflow_cross_hatched, uniq_blork_the_orc

Skill      XL: |  1  2  3  4  5 |
---------------+----------------+-----
Ranged Weapons | 6 7 8 |  8.5
Fighting       | 3 4 |  4.4
Dodging        | |  2.4
Stealth        | |  1.3

Action                     |  1- 3 |  4- 6 || total
---------------------------+-------+-------++-------
  Melee: Shortbow          |       |     2 ||     2
   Fire: Shortbow          |    81 |   148 ||   229
    Use: Scroll            |     1 |     4 ||     5
         Potion            |       |     3 ||     3
 Armour: Leather armour    |     9 |    43 ||    52
  Dodge: Dodged            |    11 |    56 ||    67

Table legend: (Time is in decaauts)
 A = Elapsed time spent in this place.
 B = Non-inter-level travel time spent in this place.
 C = Inter-level travel time spent in this place.
 D = Time resting spent in this place.
 E = Time spent auto-exploring this place.
 F = Levels seen in this place.
 G = Mean time per level.
                   A        B        C        D        E       F      G
               +--------+--------+--------+--------+--------+-----+--------+
         Total |   3034 |   2949 |     85 |    337 |   2222 |   4 |  758.5 |
       Dungeon |   3034 |   2949 |     85 |    337 |   2222 |   4 |  758.5 |
               +--------+--------+--------+--------+--------+-----+--------+

Top non-repeatable levels by time:
     D:2: 877 daAuts
     D:3: 868 daAuts
     D:1: 766 daAuts
     D:4: 521 daAuts
